 Dungeon Sprint DCSS version 0.24.0-41-g2ae2f7f1be (webtiles) character file.

Game seed: 11752048909537405314, levelgen mode: deterministic

249 McKennaii the Skirmisher (level 5, -3/46 (48) HPs)
             Began as a Demonspawn Fighter on Dec 10, 2019.
             Slain by a necrophage (6 damage)
             ... in the Dungeon (Sprint II: "The Violet Keep of Menkaure").
             The game lasted 00:00:22 (27 turns).

McKennaii the Skirmisher (Demonspawn Fighter)         Turns: 27, Time: 00:00:25

HP:   -3/46 (48)    AC:  7    Str: 17    XL:     5   Next: 86%
MP:   5/5           EV:  9    Int: 10    God:
Gold: 0             SH: 10    Dex: 12    Spells: 4/4 levels left

rFire    . . .     SeeInvis .   a - +0 long sword
rCold    . . .     Gourm    .   c - +0 shield
rNeg     . . .     Faith    .   b - +0 scale mail
rPois    .         Spirit   .   (no helmet)
rElec    .         Reflect  .   (no cloak)
rCorr    .         Harm     .   (no gloves)
MR       .....     NoTele   +   (no boots)
Stlth    +.........             (no amulet)
HPRegen  0.15/turn              (no ring)
MPRegen  0.09/turn              (no ring)

@: no status effects
A: hooves 1, repulsion field 1, nightstalker 1, spiny 1
a: no special abilities


You were in the Dungeon.
You were not hungry.

You visited 1 branch

Inventory:

Hand Weapons
 a - a +0 long sword (weapon)
Armour
 b - a +0 scale mail (worn)
 c - a +0 shield (worn)
Scrolls
 k - a scroll of blinking
Potions
 d - a potion of might
 e - a potion of curing
 g - a potion of heal wounds
 h - a potion of haste
 i - 2 potions of magic
 j - a potion of berserk rage
Comestibles
 f - a ration


   Skills:
 + Level 7.0 Fighting
 * Level 5.5 Long Blades
 + Level 6.3 Armour
 + Level 6.1 Shields


You had 4 spell levels left.
You didn't know any spells.
Your spell library was empty.

Dungeon Overview and Level Annotations

Branches:
Dungeon (1/1)

Altars:


Innate Abilities, Weirdness & Mutations

You have large cloven feet.
You are surrounded by a mild repulsion field. (EV +2)
You are slightly more attuned to the shadows.
You are partially covered in sharp spines.


Message History

The necrophage hits you.
* * * LOW HITPOINT WARNING * * *
You closely miss the necrophage.
The necrophage is severely damaged.
You block the necrophage's attack.
You hit the necrophage.
The necrophage is severely damaged.
The necrophage is struck by your spines.
The necrophage closely misses you.
You riposte.
You closely miss the necrophage.
You kick the necrophage, but do no damage.
The necrophage is almost destroyed.
You hit the necrophage.
You destroy the necrophage!
Your Fighting skill increases to level 7!
Your Long Blades skill increases to level 5!
Your Armour skill increases to level 6!
Your Shields skill increases to level 6!
The necrophage hits you.
You die...

## ##
##.
.##
..#..
.$.
#n#
##@##
+.<.+
##.##
#+#


You could see a necrophage.

Vanquished Creatures
  3 necrophages (D)
3 creatures vanquished.

Notes
Turn   | Place    | Note
-------+----------+-------------------------------------------
     0 | D        | McKennaii the Demonspawn Fighter began the quest for the
                  | Orb.
     0 | D        | Reached XP level 1. HP: 18/18 MP: 1/1
     3 | D        | Noticed a necrophage
     3 | D        | Noticed a necrophage
     3 | D        | Noticed a necrophage
     3 | D        | Noticed a necrophage
    12 | D        | Killed a necrophage
    12 | D        | Reached skill level 5 in Fighting
    12 | D        | Gained mutation: You are partially covered in sharp spines.
                  | [demonic ancestry]
    12 | D        | Reached XP level 2. HP: 9/26 MP: 2/2
    12 | D        | Gained mutation: You have large cloven feet. [demonic
                  | ancestry]
    12 | D        | Reached XP level 3. HP: 11/32 MP: 3/3
    12 | D        | Gained mutation: You are slightly more attuned to the
                  | shadows. [demonic ancestry]
    12 | D        | Reached XP level 4. HP: 13/38 MP: 4/4
    21 | D        | Killed a necrophage
    21 | D        | Reached skill level 6 in Fighting
    21 | D        | Reached skill level 5 in Armour
    21 | D        | Reached skill level 5 in Shields
    21 | D        | Gained mutation: You are surrounded by a mild repulsion
                  | field. (EV +2) [demonic ancestry]
    21 | D        | Reached XP level 5. HP: 7/45 MP: 5/5
    24 | D        | HP: 2/45 [necrophage (6)]
    27 | D        | Killed a necrophage
    27 | D        | Reached skill level 7 in Fighting
    27 | D        | Reached skill level 5 in Long Blades
    27 | D        | Slain by a necrophage

Levels and vault maps discovered:
D:        the_violet_keep_of_menkaure [sprint2_stairs_cluster_1,
          sprint2_shoproom, sprint2_temple, sprint2_basic_supplies,
          sprint2_obstacle_6, sprint2_obstacle_4, sprint2_obstacle_1,
          sprint2_obstacle_2, sprint2_obstacle_5, sprint2_timed_cluster_1,
          sprint2_smallroom_cluster_1, sprint2_smallroom_final_cluster_1,
          sprint2_transparent_cluster_1, sprint2_second_timed_cluster_1,
          sprint2_sniper_area_1, sprint2_heavy_combat_area_1,
          sprint2_mutation_trap_area_1, sprint2_forest_area_1,
          sprint2_light_combat_area_1, sprint2_behind_water_1,
          sprint2_near_end_vault_1]

Skill      XL: |  1  2  3  4  5 |
---------------+----------------+-----
Fighting       | 5 6 7 |  7.0
Long Blades    | 3 4 5 |  5.5
Armour         | 4 5 6 |  6.3
Shields        | 4 5 6 |  6.1

Action                   |  1- 3 |  4- 6 || total
-------------------------+-------+-------++-------
Melee: Long sword        |     8 |    15 ||    23
       Kick              |       |     7 ||     7
Armor: Scale mail        |     4 |     5 ||     9
Dodge: Dodged            |     3 |     2 ||     5
Block: Shield            |     1 |     6 ||     7
       Rpst.: Long sword |     2 |     2 ||     4
